 Dungeon Sprint DCSS version 0.30-a0-241-g1121274140 (webtiles) character file.

Game seed: 2074004861193753682

4 rocky1 the Shield-Bearer (level 1, -3/19 HPs)
             Began as a Minotaur Fighter on Oct 11, 2022.
             Killed by nerve-wracking pain
             ... invoked by a shadow imp
              (10 damage)
             ... in the Dungeon (Sprint IX: "|||||||||||||||||||||||||||||").
             The game lasted 00:00:16 (120 turns).

rocky1 the Shield-Bearer (Minotaur Fighter)          Turns: 120, Time: 00:00:16

Health: -3/19      AC:  6    Str: 20    XL:     1   Next: 58%
Magic:  0/0        EV:  9    Int:  5    God:
Gold:   0          SH:  4    Dex:  9    Spells: 0/0 levels left

rFire   . . .      SeeInvis .    a - +0 flail
rCold   . . .      Faith    .    c - +0 buckler
rNeg    . . .      Spirit   .    b - +0 scale mail
rPois   .          Reflect  .    (helmet restricted)
rElec   .          Harm     .    (no cloak)
rCorr   .          Rampage  .    (no gloves)
Will    .....      NoTele   +    (no boots)
Stlth   ..........               (no amulet)
HPRegen 0.23/turn                (no ring)
MPRegen 0.07/turn                (no ring)

@: no status effects
A: horns 2, retaliatory headbutt
a: no special abilities


You were in the Dungeon.
You visited 1 branch

Inventory:

Hand Weapons
 a - a +0 flail (weapon)
Armour
 b - a +0 scale mail (worn)
 c - a +0 buckler (worn)
Scrolls
 j - a scroll of blinking
Potions
 d - a potion of might
 e - a potion of curing
 f - a potion of heal wounds
 g - a potion of haste
 h - 2 potions of magic
 i - a potion of berserk rage


   Skills:
 - Level 3.6 Fighting
 * Level 3.7 Maces & Flails
 - Level 3.6 Armour
 * Level 4.6 Shields


You couldn't memorise any spells.
You didn't know any spells.
Your spell library was empty.

Dungeon Overview and Level Annotations

Branches:
Dungeon (1/1)

Altars:


Innate Abilities, Weirdness & Mutations

You have a pair of horns on your head.
You reflexively headbutt those who attack you in melee.


Message History

You sock the frilled lizard!
You kill the frilled lizard!
The bat hits you but does no damage.
You barely miss the bat. The bat hits you. The bat barely misses you.
You closely miss the bat. The bat closely misses you.
The bat completely misses you. You furiously retaliate!
You headbutt the bat!
You kill the bat!
You block the ball python's attack. The ball python completely misses you.
Your Maces & Flails skill increases to level 3!
Your Shields skill increases to level 4!
You barely miss the ball python. Your headbutt misses the ball python.
The ball python bites you. The ball python barely misses you.
You hit the ball python.
You kill the ball python!
The giant cockroach bites you but does no damage.
You thump the giant cockroach!
You kill the giant cockroach!
You sock the quokka!
You kill the quokka!
There is an open door to the Dungeon, spattered with blood here.
Things that are here:
a quokka corpse; a giant cockroach corpse; a bat corpse You start waiting.
Done waiting.
You open the door.
A black bear, an orc, a phantom, a quokka and a shadow imp come into view.
The black bear growls angrily.
The orc shouts!
The shadow imp shouts, "Disclaim thyself, thou pandering fly-bitten meatloaf!"
You barely miss the shadow imp. The shadow imp barely misses you.
You thump the shadow imp!
The shadow imp is almost dead.
The shadow imp gestures at you. Pain shoots through your body!
Ouch! That really hurt!
You barely miss the shadow imp.
The shadow imp is almost dead.
The shadow imp gestures at you. Pain shoots through your body!
Ouch! That really hurt!
You die... ▓▓▓▓▓▓▓▓▓▓▓▓▓▓▓▓▓▓ +.hoWr5@....†...<▓ ▓▓▓▓▓▓▓▓▓▓▓▓▓▓▓▓▓▓

You could see a black bear, a phantom, a shadow imp, an orc and a quokka.

Vanquished Creatures
  A giant cockroach (D)
  A quokka (D)
  A ball python (D)
  A bat (D)
  A frilled lizard (D)
5 creatures vanquished.

Notes
Turn   | Place    | Note
-------+----------+-------------------------------------------
     0 | D        | rocky1 the Minotaur Fighter began the quest for the Orb.
     0 | D        | Reached XP level 1. HP: 19/19 MP: 0/0
     7 | D        | Reached skill level 4 in Shields
   117 | D        | Noticed a black bear
   117 | D        | Noticed a phantom
   120 | D        | Killed from afar by a shadow imp

Illustrated notes

Levels and vault maps discovered:
D:        linesprint [early_d, line_temple, items_1, d_10, items_2, lair_1,
          lair_end, items_3, orc_1, orc_end, items_4, d_15, swamp_1, shoals_1,
          snake_1, spider_1, d_20, vaults_1, items_5, swamp_end, shoals_end,
          snake_end, spider_end, vaults_end, d_27, items_6, zot_1, zot_end,
          crypt_end, forest_end, elf_end, slime_end, tomb_end, abyss_end,
          pan_hell_end]

Skill      XL: |  1 |
---------------+----+-----
Maces & Flails | 3 |  3.7
Shields        | 4 |  4.6
Fighting       | |  3.6
Armour         | |  3.6

Action                   || total
-------------------------++-------
Melee: Flail             ||    10
Armor: Scale mail        ||     2
Dodge: Dodged            ||     6
Block: Buckler           ||     1

Table legend: (Time is in decaauts)
 A = Elapsed time spent in this place.
 B = Non-inter-level travel time spent in this place.
 C = Inter-level travel time spent in this place.
 D = Time resting spent in this place.
 E = Time spent auto-exploring this place.
 F = Levels seen in this place.
 G = Mean time per level.
                   A        B        C        D        E       F      G
               +--------+--------+--------+--------+--------+-----+--------+
         Total |    122 |    122 |      0 |    100 |      0 |   1 |  122.0 |
       Dungeon |    122 |    122 |      0 |    100 |      0 |   1 |  122.0 |
               +--------+--------+--------+--------+--------+-----+--------+

Top non-repeatable levels by time:
       D: 122 daAuts
